 Dungeon Crawl Stone Soup version 0.28.0-45-g0d030f2227 (webtiles) character file.

Game seed: 4055235495987874178

246 seaoflcl the Skirmisher (level 6, 0/56 HPs)
             Began as a Hill Orc Fighter on Apr 24, 2022.
             Was an Initiate of Ru.
             Succumbed to Crazy Yiuf's poison
             ... on level 3 of the Dungeon.
             The game lasted 00:04:34 (3445 turns).

seaoflcl the Skirmisher (Hill Orc Fighter)          Turns: 3445, Time: 00:04:35

Health: 0/56       AC:  7    Str: 19 (21) XL:     6   Next: 11%
Magic:  6/6        EV:  9    Int:  7 (8)  God:    Ru [......]
Gold:   129        SH:  4    Dex:  9 (10) Spells: 5/5 levels left

rFire   . . .      SeeInvis .   a - +0 long sword
rCold   + . .      Faith    .   c - +0 buckler
rNeg    . . .      Spirit   .   b - +0 scale mail
rPois   .          Reflect  .   (no helmet)
rElec   .          Harm     .   (no cloak)
rCorr   .          Rampage  .   (no gloves)
Will    .....                   (no boots)
Stlth   ..........              (no amulet)
HPRegen 0.18/turn               p - ring of protection from cold
MPRegen 0.10/turn               (no ring)

@: lethally poisoned (0 -> -4), on berserk cooldown, attractive, hasted and
slowed
A: no striking features
a: Renounce Religion


You were on level 3 of the Dungeon.
You worshipped Ru.
Ru was noncommittal.
You visited 1 branch of the dungeon, and saw 3 of its levels.
You also visited: Sewer.

You collected 129 gold pieces.

Inventory:

Hand Weapons
 a - a +0 long sword (weapon)
Missiles
 h - 6 silver javelins (quivered)
Armour
 b - a +0 scale mail (worn)
 c - a +0 buckler (worn)
 d - a +2 cloak
 k - a +0 troll leather armour {Pargi}
Jewellery
 p - a ring of protection from cold (left hand)
Scrolls
 e - 2 scrolls of blinking {unknown}
 f - a scroll of enchant armour {unknown}
 j - 4 scrolls of identify {unknown}
 n - a scroll of teleportation {unknown}
Potions
 i - a potion of brilliance
 q - a potion of might


   Skills:
 + Level 5.0 Fighting
 + Level 3.8 Long Blades
 + Level 4.6 Armour
 + Level 4.6 Shields


You had 5 spell levels left.
You didn't know any spells.
Your spell library was empty.

Dungeon Overview and Level Annotations

Branches:
Dungeon (3/15)              Sewer (visited)

Altars:
Fedhas
Ru
Trog
Zin

Shops:
D:2 !


Message History

There is a lethal amount of poison in your body!
There is a lethal amount of poison in your body!
It was a potion of attraction.
You feel attractive to monsters.
* * * LOW HITPOINT WARNING * * *
You feel very sick.
It was a potion of magic.
Magic courses through your body.
* * * LOW HITPOINT WARNING * * *
You feel very sick.
It was a potion of degeneration.
There was something very wrong with that liquid.
You feel weakened.
You feel dopey.
You feel clumsy.
* * * LOW HITPOINT WARNING * * *
You feel very sick.
It was a potion of haste.
You feel yourself speed up.
* * * LOW HITPOINT WARNING * * *
You feel sick.
A red film seems to cover your vision as you go berserk!
You feel yourself moving faster!
You feel mighty!
* * * LOW HITPOINT WARNING * * *
You feel sick.
Unknown command.
There is a lethal amount of poison in your body!
You feel a strong urge to attack something.
* * * LOW HITPOINT WARNING * * *
You feel sick.
There is an open translucent door, spattered with blood here.
Things that are here:
a +2 quarterstaff of chaos; a +2 cloak; the gnoll corpse of Crazy Yiuf
d - a +2 cloak
* * * LOW HITPOINT WARNING * * *
You feel sick.
Unknown command.
You feel your anger nearly subside.
* * * LOW HITPOINT WARNING * * *
You feel sick.
You are no longer berserk.
You are exhausted.
You feel yourself slow down.
You die...

#.###### #.#
#...#...#_ #.#
###.#####.......##
#.#
#.................
#.#
#####.............
#.# #.............
#.###♣♣♣♣♣
#.............
#.#....♣.♣♣♣#####
###.##########
#.......♣..♣#...#
#............
#......♣♣♣♣.)..@#
##..##########
##....♣♣ ♣♣#..)#
#....<........
####♣♣ #####
#.....########
#...........##
####........#.
#........#.
#........#.
#........#.
#........#.


There were no monsters in sight!

Vanquished Creatures
  Pargi (Sewer)
  A water moccasin zombie (D:3)
  Crazy Yiuf (D:3)
  2 adders
  An orc (D:3)
  9 ball pythons
  10 bats
  6 endoplasms
  3 giant cockroaches
  5 goblins
  3 hobgoblins
  7 kobolds
  3 frilled lizards
  2 rats
54 creatures vanquished.

Notes
Turn   | Place    | Note
-------+----------+-------------------------------------------
     0 | D:1      | seaoflcl the Hill Orc Fighter began the quest for the Orb.
     0 | D:1      | Reached XP level 1. HP: 19/19 MP: 1/1
   195 | D:1      | Reached XP level 2. HP: 25/27 MP: 2/2
   637 | D:1      | Reached skill level 4 in Fighting
   966 | D:2      | Reached XP level 3. HP: 25/33 MP: 3/3
  1422 | D:2      | Found Xedghuyni's Distillery.
  1740 | D:3      | Found a blossoming altar of Fedhas.
  1932 | D:3      | Found a glowing silver altar of Zin.
  2081 | D:3      | Found a faded altar of an unknown god.
  2150 | D:3      | Found a sacrificial altar of Ru.
  2169 | D:3      | Became a worshipper of Ru the Awakened
  2190 | D:3      | Found a glowing drain.
  2212 | Sewer    | Entered a sewer
  2241 | Sewer    | Reached XP level 4. HP: 13/40 MP: 4/4
  2466 | Sewer    | Noticed Pargi
  2494 | Sewer    | Killed Pargi
  2495 | Sewer    | Reached XP level 5. HP: 15/47 MP: 5/5
  3129 | D:3      | Found a bloodstained altar of Trog.
  3426 | D:3      | Found a runed translucent door.
  3427 | D:3      | Noticed Crazy Yiuf
  3435 | D:3      | Killed Crazy Yiuf
  3436 | D:3      | Reached skill level 5 in Fighting
  3436 | D:3      | Reached XP level 6. HP: 17/56 MP: 6/6
  3440 | D:3      | HP: 3/84 [poisoned by Crazy Yiuf]
  3443 | D:3      | HP: 1/84 [poisoned by Crazy Yiuf]
  3445 | D:3      | Succumbed to Crazy Yiuf's poison

Illustrated notes

Levels and vault maps discovered:
D:1:      denvon_arrival_planthouse, layout_loops_ring, skrybe_limestone_x
D:2:      layout_basic, serial_shops, shop
D:3:      layout_basic, nicolae_ru_sacrificial_ziggurat,
          mainiacjoe_overflow_cross_hatched, nicolae_overflow_crystal_walls,
          mainiacjoe_overflow_surrounded_room, portal_sewer_entry_a,
          hellmonk_ecumenical_altar_leap_of_faith,
          chequers_serial_rivers_micro_d, uniq_crazy_yiuf_cottage

Skill      XL: |  1  2  3  4  5 |
---------------+----------------+-----
Fighting       | 4 5 |  5.0
Long Blades    | 3 |  3.8
Armour         | 4 |  4.6
Shields        | 4 |  4.6

Action                   |  1- 3 |  4- 6 || total
-------------------------+-------+-------++-------
Melee: Long sword        |   125 |    67 ||   192
Throw: Javelin           |       |     1 ||     1
  Use: Potion            |       |     9 ||     9
Armor: Scale mail        |   122 |    56 ||   178
Dodge: Dodged            |   105 |    54 ||   159
Block: Buckler           |    46 |    14 ||    60
